 Dungeon Crawl Stone Soup version bcrawl-1.18 (webtiles) character file.

Game seed: 15819685525303803549

45 JackS81 the Sneak (level 3, -2/20 HPs)
             Began as a Vine Stalker Archaeologist on Nov 1, 2019.
             Killed by nerve-wracking pain
             ... invoked by an orc priest
              (8 damage)
             ... on level 3 of the Dungeon.
             The game lasted 00:06:52 (1502 turns).

JackS81 the Sneak (Vine Stalker Archaeologist)      Turns: 1502, Time: 00:06:53

Health: -2/20      AC:  6    Str: 13    XL:     3   Next: 64%
Magic:  4/4        EV: 13    Int: 14    God:
Gold:   34         SH:  0    Dex: 13    Spells: 2/2 levels left

rFire    . . .     SeeInvis .   a - +0 whip
rCold    . . .     Gourm    .   (no shield)
rNeg     . . .     Faith    .   b - +1 robe
rPois    .         Spirit   .   c - +1 hat
rElec    .         Reflect  .   (no cloak)
rCorr    .         Harm     .   (no gloves)
MR       .....                  d - +1 pair of boots
Stlth    +++.......             (no amulet)
HPRegen  0.46/turn              (no ring)
MPRegen  0.09/turn              (no ring)

@: studying Shields
A: fangs 2, regeneration 1, no potion heal 3, rot immunity, strong jaws
a: no special abilities


You were on level 3 of the Dungeon.
You were not hungry.

You visited 1 branch of the dungeon, and saw 3 of its levels.

You collected 34 gold pieces.

Inventory:

Hand Weapons
 a - a +0 whip (weapon)
 r - a +1 mace of crushing
Missiles
 k - 47 curare-tipped needles
Armour
 b - a +1 robe (worn)
 c - a +1 hat (worn)
 d - a +1 pair of boots (worn)
Jewellery
 q - a cursed -3 ring of intelligence {unknown}
Wands
 o - a wand of digging (9)
Scrolls
 h - a scroll of blinking {unknown}
 j - a scroll of remove curse {unknown}
 n - a scroll of amnesia {unknown}
 p - a scroll of identify {unknown}
Potions
 l - 4 potions of curing {unknown}
 m - a potion of brilliance {unknown}
Books
 e - a manual of Shields
Miscellaneous
 f - an ancient crate
Comestibles
 g - 4 rations {!d}


   Skills:
 + Level 1.0 Fighting
 + Level 1.3 Maces & Flails
 + Level 3.6 Dodging
 + Level 5.4 Stealth
 * Level 0.2 Shields


You had 2 spell levels left.
You didn't know any spells.
Your spell library was empty.

Dungeon Overview and Level Annotations

Branches:
Dungeon (3/12)

Altars:

Annotations:
D:2 Sigmund


Innate Abilities, Weirdness & Mutations

You have extremely sharp teeth.
Your natural rate of healing is unusually fast.
Potions cannot restore your health.
You are immune to rotting.
Your bites deal extra damage.


Message History

You hit the orc priest.
The orc priest is moderately wounded.
The orc priest barely misses you.
You hit the orc priest.
The orc priest is moderately wounded.
You hit the orc priest.
The orc priest is severely wounded.
The orc priest mumbles some strange prayers to Beogh against you.
Beogh smites you!
Ouch! That really hurt!
* * * LOW HITPOINT WARNING * * *
The orc shouts! x2; The frilled lizard hisses angrily.
The orc priest shouts!
You hit the orc priest.
You bite the orc priest, but do no damage.
The orc priest is severely wounded.
You hear an angry hiss.
A leopard gecko comes into view.
The orc priest mumbles some strange prayers to Beogh against you.
Pain shoots through your body!
You die...

.......>.#.
..........
(.........
.........
.........
.l......##
......?..#
(......@.#
......o..#
o........#
l..o.....#
........##
#.....o##
#######


You could see 2 orc priests, 2 orcs, a leopard gecko and a frilled lizard.

Vanquished Creatures
  A worm (D:2)
  2 leopard geckos (D:1)
  6 bats
  3 giant cockroaches
  3 goblins
  3 hobgoblins
  7 jackals (D:2)
  A ball python (D:1)
  5 frilled lizards
  3 kobolds
  2 rats (D:2)
36 creatures vanquished.

Notes
Turn   | Place    | Note
-------+----------+-------------------------------------------
     0 | D:1      | JackS81 the Vine Stalker Archaeologist began the quest for
                  | the Orb.
     0 | D:1      | Reached XP level 1. HP: 11/11 MP: 2/2
   258 | D:1      | Reached XP level 2. HP: 16/16 MP: 3/3
   269 | D:1      | Reached skill level 5 in Stealth
   438 | D:1      | Reached skill level 1 in Maces & Flails
   807 | D:2      | Reached XP level 3. HP: 18/20 MP: 4/4
   813 | D:2      | Reached skill level 1 in Fighting
  1025 | D:2      | Noticed Sigmund
  1502 | D:3      | Killed from afar by an orc priest

Skill      XL: |  1  2  3 |
---------------+----------+-----
Stealth        | 5 |  5.4
Maces & Flails | 1 |  1.3
Fighting       | 1 |  1.0
Dodging        | |  3.6
Shields        | |  0.2

Action                   || total
-------------------------++-------
Melee: Whip              ||   155
       Bite              ||    15
 Stab: Sleeping          ||    14
  Eat: Chunk             ||     2
Armor: Robe              ||    61
Dodge: Dodged            ||   117
